 Dungeon Crawl Stone Soup version 0.26-a0-1012-gedcf9b2963 (webtiles) character file.

Game seed: 5861757234262070395

40 Ijustatesigmund the Skirmisher (level 3, -1/26 HPs)
             Began as an Octopode Fighter on Dec 7, 2020.
             Slain by a gnoll
             ... wielding a +0 whip
              (3 damage)
             ... on level 2 of the Dungeon.
             The game lasted 00:02:20 (1213 turns).

Ijustatesigmund the Skirmisher (Octopode Fighter)   Turns: 1213, Time: 00:02:21

Health: -1/26      AC:  1    Str: 15    XL:     3   Next: 50%
Magic:  3/3        EV:  6    Int: 10    God:
Gold:   98         SH:  0    Dex: 12    Spells: 2/2 levels left

rFire    . . .     SeeInvis .   a - +0 war axe
rCold    . . .     Faith    .   b - +0 kite shield
rNeg     . . .     Spirit   .   (helmet restricted)
rPois    .         Reflect  .   (no amulet)
rElec    .         Harm     .   (no ring)
rCorr    .         Rampage  .   (no ring)
Will     .....                  (no ring)
Stlth    ++........             (no ring)
HPRegen  0.08/turn              (no ring)
MPRegen  0.08/turn              (no ring)
                                (no ring)
                                (no ring)

@: mighty, held
A: almost no armour, stealthy swim, amphibious, 8 rings, constrict 8, camouflage
1, gelatinous body 1
a: no special abilities


You were on level 2 of the Dungeon.
You visited 1 branch of the dungeon, and saw 2 of its levels.

You collected 98 gold pieces.

Inventory:

Hand Weapons
 a - a +0 war axe (weapon)
Armour
 b - a +0 kite shield (worn)
Scrolls
 e - 6 scrolls of identify
Potions
 c - 2 potions of might
 g - 3 potions of curing
 i - a potion of attraction


   Skills:
 + Level 3.5 Fighting
 * Level 3.3 Axes
 - Level 3.0 Dodging
 - Level 3.0 Shields


You had 2 spell levels left.
You didn't know any spells.
Your spell library was empty.

Dungeon Overview and Level Annotations

Branches:
Dungeon (2/15)

Altars:


Innate Abilities, Weirdness & Mutations

You cannot wear most types of armour.
You are very stealthy in the water. (Stealth+)
You are amphibious.
You can wear up to eight rings at the same time.
You can use your tentacles to constrict eight enemies at once.
Your skin changes colour to match your surroundings (Stealth+).
Your rubbery body absorbs attacks. (AC +1, EV +1)


Message History

You block the adder's attack. You block the gnoll's attack.
The adder closely misses you.
As you read the scroll labelled HOOGRE BU RYHU, it crumbles to dust.
You hear a loud clanging noise!
It was a scroll of noise.
You hear a shout!
You hear an angry hiss.
You block the gnoll's attack. The adder bites you.
* * * LOW HITPOINT WARNING * * *
You block the adder's attack. The adder closely misses you.
The gnoll throws a throwing net.
The throwing net hits you.
You become entangled in the net!
You see here a throwing net.
You struggle against the net.
The adder bites you.
* * * LOW HITPOINT WARNING * * *
The adder bites you.
* * * LOW HITPOINT WARNING * * *
You feel very mighty all of a sudden. The gnoll hits you with a +0 whip.
You die...

*,,.........####.## #...#
*,..........## #..###.>.#
*,......##...# ##..##...#
*,......*#...# ##......#
####.#####...####......<#
#........#.........######
#........#....##...##***
#.......)#...........,,*******
#............@####.##*,,,,,,,,
#........###gS# #..,,******,*
#........##..## ##**,,* *,*
#........#.gg# **,*****,*
####.#.....#.# *,,,,**,,
#.####g.g.#*** ****,,*,* #.*
#(.#..?.#** **,,,*
**#.***#g####....* **,,,
**......††..#*.!#.*********,,,


You could see 4 gnolls, an adder, a hobgoblin and a goblin.

Vanquished Creatures
  An ooze (D:2)
  2 dart slugs (D:1)
  A leopard gecko (D:2)
  2 giant cockroaches (D:1)
  2 hobgoblins (D:1)
  2 bats
  3 frilled lizards (D:1)
  7 goblins
  4 kobolds (D:1)
  9 rats
33 creatures vanquished.

Vanquished Creatures (others)
  6 plants (D:1)
6 creatures vanquished.

Grand Total: 39 creatures vanquished

Notes
Turn   | Place    | Note
-------+----------+-------------------------------------------
     0 | D:1      | Ijustatesigmund the Octopode Fighter began the quest for
                  | the Orb.
     0 | D:1      | Reached XP level 1. HP: 16/16 MP: 1/1
   195 | D:1      | Reached XP level 2. HP: 21/21 MP: 2/2
   666 | D:1      | Reached XP level 3. HP: 20/26 MP: 3/3
  1213 | D:2      | Slain by a gnoll

Illustrated notes

Levels and vault maps discovered:
D:1:      ncdulo_halloftheorcs, layout_loops_ring, serial_bayou_lake_a
D:2:      layout_rooms

Skill      XL: |  1  2 |
---------------+-------+-----
Axes           | 3 |  3.3
Fighting       | |  3.5
Dodging        | |  3.0
Shields        | |  3.0

Action                   || total
-------------------------++-------
Melee: War axe           ||    47
       Constrict         ||    15
       Tentacles         ||     8
  Use: Scroll            ||     5
       Potion            ||     1
 Stab: Sleeping          ||     5
Armor: Skin              ||     5
Dodge: Dodged            ||    21
Block: Kite shield       ||    16

Table legend: (Time is in decaauts)
 A = Elapsed time spent in this place.
 B = Non-inter-level travel time spent in this place.
 C = Inter-level travel time spent in this place.
 D = Time resting spent in this place.
 E = Time spent auto-exploring this place.
 F = Levels seen in this place.
 G = Mean time per level.
                   A        B        C        D        E       F      G
               +--------+--------+--------+--------+--------+-----+--------+
         Total |   1233 |   1186 |     47 |    218 |    781 |   2 |  616.5 |
       Dungeon |   1233 |   1186 |     47 |    218 |    781 |   2 |  616.5 |
               +--------+--------+--------+--------+--------+-----+--------+

Top non-repeatable levels by time:
     D:1: 1062 daAuts
     D:2: 171 daAuts
